 Dungeon Crawl Stone Soup version 0.31-a0-221-gbddc013574 (webtiles) character file.

Game seed: 6511301873376915920

213 qw the Shooter (level 5, -1/45 HPs)
             Began as a Minotaur Hexslinger on July 4, 2023.
             Slain by an orc wizard
             ... wielding a +1 dagger of venom
              (4 damage)
             ... on level 5 of the Dungeon.
             The game lasted 00:01:02 (2407 turns).

qw the Shooter (Minotaur Hexslinger)                Turns: 2407, Time: 00:01:03

Health: -1/45      AC:  5    Str: 13    XL:     5   Next: 59%
Magic:  5/5        EV: 11    Int: 10    God:
Gold:   137        SH:  0    Dex: 14    Spells: 5/6 levels left

rFire   . . .        Y - +1 sling
rCold   . . .        (no shield)
rNeg    . . .        a - +0 ring mail
rPois   .            (helmet restricted)
rElec   .            (no cloak)
rCorr   .            (no gloves)
SInv    .            (no boots)
Will    .....        (no amulet) Stlth
                     (no ring)
HPRegen 0.27/turn    (no ring)
MPRegen 0.09/turn

%: no passive effects
@: confused, lethally poisoned (-1 -> -11)
A: horns 2, retaliatory headbutt
a: no special abilities


You were on level 5 of the Dungeon.
You visited 1 branch of the dungeon, and saw 5 of its levels.

You collected 137 gold pieces.


Innate Abilities, Weirdness & Mutations

You have a pair of horns on your head.
You reflexively headbutt those who attack you in melee.


   Skills:
 - Level 3.0 Fighting
 + Level 5.8 Ranged Weapons
 - Level 1.0 Armour
 - Level 2.1 Dodging
 - Level 1.0 Spellcasting
 - Level 2.0 Hexes


You had 5 spell levels left.
You knew the following spells:

 Your Spells              Type           Power      Damage    Failure   Level
a - Slow                  Hex            16%        N/A       32%         1

Your spell library contained the following spells:

 Spells                   Type           Power      Damage    Failure   Level
 Inner Flame              Hex/Fire       2%         N/A       82%         3
 Portal Projectile        Hex/Tloc       4%         N/A       82%         3
 Cause Fear               Hex            2%         N/A       97%         4

Inventory:

Hand Weapons
 Y - a +1 sling (weapon)
Armour
 a - a +0 ring mail (worn)
Potions
 b - a potion of heal wounds {unknown}
 c - a potion of invisibility {unknown}
 e - a potion of magic {unknown}
 f - a potion of resistance {unknown}
 g - a potion of mutation {unknown}
 h - a potion of enlightenment

Dungeon Overview and Level Annotations

Branches:
Dungeon (6/15)
 Temple: D:4-7

Altars:


Message History

The sling bullet barely misses the orc priest.
You feel very sick.
The orc priest hits you but does no damage.
You shoot a sling bullet.
The sling bullet hits the orc priest but does no damage.
The orc priest is heavily wounded.
You feel sick. Something hits you.
The orc priest hits you with a +0 dagger.
You shoot a sling bullet. The sling bullet hits the orc priest.
The orc priest is almost dead.
You feel sick. Something hits you but does no damage.
The orc priest hits you with a +0 club.
The orc priest hits you but does no damage.
You shoot a sling bullet. The sling bullet hits the orc priest.
You kill the orc priest!
You feel sick.
You hear some strange, mumbled words.
Something tries to affect you, but you resist.
The orc priest hits you with a +0 club.
You shoot a sling bullet.
The sling bullet barely misses the orc priest.
The sling bullet hits the orc.
The orc is moderately wounded.
You feel sick. The adder barely misses you.
You hear some strange, mumbled words.
You are confused.
The orc priest misses you. The adder bites you but does no damage.
Something hits you.
You are more poisoned.
The orc priest misses you.
You feel very sick. The adder barely misses you. Something hits you.
The orc priest completely misses you.
You feel very sick. The adder closely misses you. Something hits you.
You are lethally poisoned!
The orc priest hits you with a +0 club. The adder barely misses you.
You feel very sick. The adder bites you. Something hits you.
You die...

# .. ... ....
######### ....!
#>.......
......#{##.###.
.......@oo..)..
......##S#.#.#.
...... .# #
..... .# .....
.# .... .# ....
.# .#


You could see an orc priest, an adder and an orc.

Vanquished Creatures
  An orc priest (D:5)
  An orc wizard (D:5)
  4 gnolls (D:3)
  2 adders
  A shadow imp (D:6)
  2 worms (D:2)
  4 orcs (D:5)
  5 bats
  7 endoplasms
  3 giant cockroaches (D:1)
  8 goblins
  9 hobgoblins
  15 jackals
  2 quokkas (D:2)
  7 frilled lizards
  4 kobolds
  7 rats
82 creatures vanquished.

Notes
Turn   | Place    | Note
-------+----------+-------------------------------------------
     0 | D:1      | qw the Minotaur Hexslinger began the quest for the Orb.
     0 | D:1      | Reached XP level 1. HP: 16/16 MP: 1/1
     0 | D:1      | 0 ||| qw: Version: 0.3-a-40-ge99b1a8
     0 | D:1      | 0 ||| qw: Game counter: 656
     0 | D:1      | 0 ||| qw: Melee chars always use a shield: true
     0 | D:1      | 0 ||| qw: God list: Okawaru
     0 | D:1      | 0 ||| qw: Allow faded altars: false
     0 | D:1      | 0 ||| qw: Do Orc after clearing Dungeon:15 true
     0 | D:1      | 0 ||| qw: Do second Lair branch before Depths: true
     0 | D:1      | 0 ||| qw: Lair rune preference: random
     0 | D:1      | 0 ||| qw: Goals: Normal
     0 | D:1      | 0 ||| PLANNING D:1-11
    78 | D:1      | Reached skill level 3 in Ranged Weapons
   164 | D:1      | Reached XP level 2. HP: 23/23 MP: 2/2
   484 | D:1      | Reached XP level 3. HP: 29/29 MP: 3/3
   922 | D:1      | 922 ||| READING scroll labelled GIAREM TEBEOM.
   926 | D:1      | 926 ||| READING scroll labelled YZUGGECUUBB.
   927 | D:1      | 927 ||| DROPPING scroll of poison.
   978 | D:2      | Reached skill level 4 in Ranged Weapons
  1434 | D:2      | 1434 ||| FLEEEEING.
  1435 | D:2      | 1435 ||| FLEEEEING.
  1436 | D:2      | 1436 ||| FLEEEEING.
  1437 | D:2      | 1437 ||| FLEEEEING.
  1438 | D:2      | 1438 ||| FLEEEEING.
  1439 | D:2      | 1439 ||| FLEEEEING.
  1440 | D:2      | 1440 ||| FLEEEEING.
  1441 | D:2      | 1441 ||| FLEEEEING.
  1554 | D:2      | Reached XP level 4. HP: 36/36 MP: 4/4
  1819 | D:2      | 1819 ||| UPGRADING to +0 ring mail.
  1829 | D:2      | 1829 ||| DROPPING +0 robe.
  1830 | D:2      | 1830 ||| READING scroll labelled ONNIUPRYXZANN.
  1831 | D:2      | 1831 ||| READING scroll labelled ZEINIRECOA.
  1832 | D:2      | 1832 ||| READING scroll labelled TEFIOL SATUSHRI.
  1833 | D:2      | 1833 ||| DRINKING 2 bubbling dark potions.
  1975 | D:3      | Reached skill level 1 in Armour
  2056 | D:3      | Reached skill level 5 in Ranged Weapons
  2067 | D:3      | Reached XP level 5. HP: 42/44 MP: 5/5
  2239 | D:3      | Reached skill level 3 in Fighting
  2289 | D:3      | You fall into a shaft and drop 3 floors!
  2307 | D:6      | 2307 ||| READING scroll labelled INWOIM NUAREL.
  2323 | D:5      | Entered Level 5 of the Dungeon
  2406 | D:5      | HP: 11/45 [poisoned by an orc wizard]
  2407 | D:5      | HP: 5/45 [poisoned by an orc wizard]
  2407 | D:5      | Slain by an orc wizard

Levels and vault maps discovered:
D:1:      lemuel_arrival_broad_hall, layout_loops_corners, minivault_14
D:2:      layout_loops_ring, st_stairs_2, chequers_serial_rivers_micro_a
D:3:      layout_loops_corners, grunt_ministairs_14, kennysheep_flooded_box,
          hangedman_abyss_or_decor_stabs, kennysheep_path_1, goddamned_bats
D:5:      layout_basic, lightli_corner_chamber
D:6:      layout_cave_pools, nicolae_ru_sacrificial_ziggurat, serial_shops,
          shop, nicolae_shop_trees, nicolae_shop_gaudy_bauble,
          uniq_crazy_yiuf_cottage, uniq_edmund, uniq_blork_the_orc

Skill      XL: |  1  2  3  4  5 |
---------------+----------------+-----
Ranged Weapons | 3 4 5 |  5.8
Fighting       | 2 3 |  3.0
Armour         | 1 |  1.0
Dodging        | |  2.1
Spellcasting   | |  1.0
Hexes          | |  2.0

Action                     |  1- 3 |  4- 6 || total
---------------------------+-------+-------++-------
   Fire: Sling             |   155 |   104 ||   259
    Use: Scroll            |     2 |     4 ||     6
         Potion            |       |     1 ||     1
 Armour: Robe              |    14 |     2 ||    16
         Ring mail         |       |    18 ||    18
  Dodge: Dodged            |    47 |    28 ||    75

Table legend:
 A = Non-vault XP
 B = Vault XP
 C = Vault XP percentage of total XP
 D = Non-vault monster count
 E = Vault monster count
 F = Vault count percentage of total count
                 A         B        C        D         E       F
            +---------+---------+-------+---------+---------+-------
      Total |     286 |      19 |   6.2 |      77 |       5 |   6.1
            +---------+---------+-------+---------+---------+-------
        D:1 |      60 |       0 |   0.0 |      35 |       0 |   0.0
        D:2 |      58 |       4 |   6.5 |      25 |       3 |  10.7
        D:3 |      68 |      15 |  18.1 |      10 |       2 |  16.7
        D:5 |      88 |       0 |   0.0 |       6 |       0 |   0.0
        D:6 |      12 |       0 |   0.0 |       1 |       0 |   0.0
            +---------+---------+-------+---------+---------+-------
